 Dungeon Crawl Stone Soup version 0.29.1-15-g9cfb28693d (webtiles) character file.

Game seed: 1664702937377800166

4 croobank the Conjurer (level 1, -1/13 HPs)
             Began as a Demonspawn Conjurer on Mar 9, 2023.
             Slain by a hobgoblin (3 damage)
             ... on level 1 of the Dungeon.
             The game lasted 00:01:00 (195 turns).

croobank the Conjurer (Demonspawn Conjurer)          Turns: 195, Time: 00:01:01

Health: -1/13      AC:  2    Str:  7    XL:     1   Next: 58%
Magic:  3/3        EV: 12    Int: 19    God:
Gold:   0          SH:  0    Dex: 11    Spells: 3/4 levels left

rFire   . . .      SeeInvis .   d - +0 dagger
rCold   . . .      Faith    .   (no shield)
rNeg    . . .      Spirit   .   a - +0 robe
rPois   .          Reflect  .   (no helmet)
rElec   .          Harm     .   (no cloak)
rCorr   .          Rampage  .   (no gloves)
Will    .....                   (no boots)
Stlth   ++........              (no amulet)
HPRegen 0.04/turn               (no ring)
MPRegen 0.08/turn               (no ring)

@: no status effects
A: no striking features
a: no special abilities


You were on level 1 of the Dungeon.
You visited 1 branch of the dungeon, and saw 1 of its levels.

Inventory:

Hand Weapons
 d - a +0 dagger (weapon)
Armour
 a - a +0 robe (worn)
Scrolls
 c - a scroll of identify {unknown}
 e - a scroll of enchant weapon {unknown}


   Skills:
 + Level 0.1 Fighting
 + Level 1.8 Dodging
 + Level 1.9 Stealth
 + Level 2.0 Spellcasting
 + Level 4.0 Conjurations


You had 3 spell levels left.
You knew the following spells:

 Your Spells              Type           Power      Damage    Failure   Level
a - Magic Dart            Conj           68%        1d6       3%          1

Your spell library contained the following spells:

 Spells                   Type           Power      Damage    Failure   Level
 Searing Ray              Conj           34%        2d5       4%          2
 Dazzling Flash           Conj/Hex       18%        N/A       22%         3
 Fulminant Prism          Conj/Hex       4%         3d6       58%         4
 Iskenderun's Mystic Bla  Conj/Tloc      9%         2d4       58%         4


Dungeon Overview and Level Annotations

Branches:
Dungeon (1/15)

Altars:


Message History

A jackal comes into view.
There is an empty arch of ancient stone here.
Found a viscous golden potion.
Found a stone staircase leading down.
The jackal attacks as you move away! The jackal barely misses you.
Casting: Magic Dart (safe; 3% risk of failure)
Confirm with . or Enter, or press ? or * to list all spells.
Aiming: Magic Dart (safe; 3% risk of failure)
Press: ? - help, Shift-Dir - straight line, f - jackal
Aim: a jackal (100% to hit)
The magic dart hits the jackal.
The jackal is almost dead.
The jackal bites you.
d - a +0 dagger (weapon)
The jackal bites you.
You hit the jackal.
You kill the jackal!
You hit the hobgoblin but do no damage. The hobgoblin hits you.
Casting: Magic Dart (safe; 3% risk of failure)
Confirm with . or Enter, or press ? or * to list all spells.
Aiming: Magic Dart (safe; 3% risk of failure)
Press: ? - help, Shift-Dir - straight line, f - hobgoblin
Aim: a hobgoblin (100% to hit)
The magic dart hits the hobgoblin but does no damage.
The hobgoblin hits you but does no damage.
Casting: Magic Dart (safe; 3% risk of failure)
Confirm with . or Enter, or press ? or * to list all spells.
Aiming: Magic Dart (safe; 3% risk of failure)
Press: ? - help, Shift-Dir - straight line, f/p - hobgoblin
Aim: a hobgoblin (100% to hit)
The magic dart hits the hobgoblin.
The hobgoblin is heavily wounded.
The hobgoblin hits you.
* * * LOW HITPOINT WARNING * * *
You are too injured to fight recklessly!
Unknown command.
You barely miss the hobgoblin.
The hobgoblin is heavily wounded.
The hobgoblin barely misses you. Magic courses through your body.
The hobgoblin hits you.
You die...

#g# !####.#..
........# .#
.>##.#.# .#
.....#.##.#
#.##.#....# .
#.##.#....# #..
####.##.#...##....
#.@gS.∩..8..∩.._.!
#.##.#.......=....
#. #.#(...........
#.##.#.....h∩.....
#................[
####.#............
#.#∩..♣.....8..
#.#............
#.#
#.#............


You could see a hobgoblin and a ball python.

Vanquished Creatures
  An endoplasm (D:1)
  A jackal (D:1)
  A kobold (D:1)
  A rat (D:1)
4 creatures vanquished.

Notes
Turn   | Place    | Note
-------+----------+-------------------------------------------
     0 | D:1      | croobank the Demonspawn Conjurer began the quest for the
                  | Orb.
     0 | D:1      | Reached XP level 1. HP: 13/13 MP: 3/3
   175 | D:1      | Found a faded altar of an unknown god.
   195 | D:1      | Slain by a hobgoblin

Illustrated notes

Levels and vault maps discovered:
D:1:      dpeg_arrival_tiny_c, layout_basic,
          hellmonk_ecumenical_altar_arch_garden, serial_shops, shop

Action                   || total
-------------------------++-------
Melee: Dagger            ||     3
 Cast: Magic Dart        ||     9
  Use: Potion            ||     1
Armor: Robe              ||     1
Dodge: Dodged            ||     2
